 Dungeon Crawl Stone Soup version 0.22.1-2-g9c5b331383 (webtiles) character file.

251422 EvilAshe the Eclecticist (level 20, -7/120 HPs)
             Began as a Gargoyle Earth Elementalist on Nov 25, 2018.
             Was the Champion of Vehumet.
             Killed from afar by a rakshasa (14 damage)
             ... with an orb of energy
             ... on level 2 of the Depths on Nov 27, 2018.
             The game lasted 03:43:32 (54321 turns).

EvilAshe the Eclecticist (GrEE)                    Turns: 54321, Time: 03:43:32

Health: -7/120     AC: 28    Str: 16    XL:     20   Next: 10%
Magic:  2/49       EV: 21    Int: 22    God:    Vehumet [******]
Gold:   2708       SH:  5    Dex: 13    Spells: 8/52 levels left

rFire    + . .     SeeInvis .   a - staff of conjuration {!a!d}
rCold    + . .     Gourm    .   W - +0 buckler
rNeg     + . .     Faith    .   H - +2 leather armour {rF+}
rPois    ∞         Spirit   .   T - +0 helmet
rElec    +         Reflect  .   S - +0 cloak {MR+}
rCorr    .         Harm     .   K - +2 pair of gloves {Dex+3}
MR       ++++.                  m - +1 pair of boots
Stlth    ++++......             C - amulet of Recklessness {Fragile +Rage MR++ Str+3}
HPRegen  0.30/turn              g - ring of protection from cold
MPRegen  0.31/turn              R - ring of magical power

@: flying
A: big wings, dopey 1, negative energy resistance 1, electricity resistance,
unbreathing, petrification resistance, rot immunity, AC +15
}: 1/15 runes: decaying
a: Stop Flying, Renounce Religion, Evoke Berserk Rage


You were on level 2 of the Depths.
You worshipped Vehumet.
Vehumet was exalted by your worship.
You were near starving.

You visited 6 branches of the dungeon, and saw 31 of its levels.
You also visited: Labyrinth, Bailey and Ice Cave.

You collected 3155 gold pieces.
You spent 447 gold pieces at shops.

Inventory:

Hand Weapons
 b - a +2 scimitar of flaming
   (You took it off Erica on level 9 of the Dungeon)
Missiles
 r - 302 stones (quivered)
 Q - a throwing net {!f}
Armour
 m - a +1 pair of boots (worn)
   (You found it on level 1 of the Dungeon)
 H - a +2 leather armour of fire resistance (worn)
   (You took it off an orc on level 11 of the Dungeon)
 K - a +2 pair of gloves of dexterity (worn)
   (You found it on level 3 of the Lair of Beasts)
 S - a +0 cloak of magic resistance (worn)
   (You bought it in a shop on level 2 of the Orcish Mines)
 T - a +0 helmet (worn)
   (You found it on level 13 of the Dungeon)
 W - a +0 buckler (worn)
   (You found it on level 11 of the Dungeon)
Magical Staves
 a - an uncursed staff of conjuration (weapon) {!a!d}
   (You took it off a minotaur in a labyrinth)
 Z - an uncursed staff of energy {!a}
   (You found it on level 6 of the Lair of Beasts)
Jewellery
 g - a ring of protection from cold (left hand)
   (You found it on level 3 of the Lair of Beasts)
 l - an uncursed ring of protection from magic
   (You found it on level 14 of the Dungeon)
 n - an uncursed ring of see invisible
   (You found it on level 2 of the Dungeon)
 q - an uncursed ring of protection from fire
   (You found it on level 2 of the Dungeon)
 u - a +2 ring of evasion
   (You found it on level 3 of the Lair of Beasts)
 C - the amulet of Recklessness (around neck) {Fragile +Rage MR++ Str+3}
   (You took it off an orc wizard on level 8 of the Dungeon)

   [amulet of rage]

   It affects your strength (+3).
   It affects your resistance to hostile enchantments.
   It lets you go berserk.
   It will be destroyed if unequipped.
 L - an uncursed ring of resist corrosion
   (You found it on level 1 of the Dungeon)
 R - a ring of magical power (right hand)
   (You found it on level 10 of the Dungeon)
Wands
 c - a wand of disintegration (41) {!d}
   (You found it on level 10 of the Dungeon)
 f - a wand of acid (27)
   (You took it off Maurice on level 9 of the Dungeon)
 t - a wand of flame (108)
   (You found it on level 4 of the Lair of Beasts)
 v - a wand of digging (7)
   (You found it on level 11 of the Dungeon)
 E - a wand of iceblast (10)
   (You found it on level 7 of the Dungeon)
 N - a wand of enslavement (9)
   (You found it on level 3 of the Lair of Beasts)
Scrolls
 j - a scroll of immolation {!r}
 k - 14 scrolls of remove curse {@r2}
 o - 18 scrolls of teleportation {@r4}
 s - 2 scrolls of fog
 x - a scroll of summoning
 y - a scroll of vulnerability {!r}
 A - 9 scrolls of enchant armour
 M - 3 scrolls of blinking
 O - 8 scrolls of identify {@r1}
 U - 6 scrolls of fear
 V - 2 scrolls of magic mapping
Potions
 e - 16 potions of curing {@q1}
 h - 9 potions of brilliance
 i - 4 potions of lignification {!q}
 p - 2 potions of ambrosia
 w - 5 potions of agility
 z - 6 potions of invisibility
 B - 3 potions of might
 D - 4 potions of haste {@q3}
 F - 11 potions of heal wounds {@q2}
 G - 3 potions of cancellation
 P - a potion of magic
Miscellaneous
 J - a lamp of fire
   (You found it on level 4 of the Lair of Beasts)
Comestibles
 d - 31 rations {!d}


   Skills:
 + Level 11.3 Fighting
   Level 0.4 Short Blades
 - Level 5.0 Armour
 + Level 15.2 Dodging
 - Level 10.0 Stealth
 - Level 4.1 Shields
 + Level 16.5 Spellcasting
 - Level 14.0 Conjurations
 + Level 9.5 Summonings
   Level 0.7 Transmutations
 - Level 3.2 Ice Magic
 - Level 9.0 Earth Magic


You had 8 spell levels left.
You knew the following spells:

 Your Spells              Type           Power        Failure   Level  Hunger
a - Sandblast             Erth           ######       1%          1    None
b - Iskenderun's Battles  Conj/Chrm      ######..     1%          5    ##.....
c - Bolt of Cold          Conj/Ice       ######....   4%          6    ####...
d - Orb of Destruction    Conj           #######...   2%          7    ######.
f - Fireball              Conj/Fire      ######....   1%          5    ##.....
i - Iron Shot             Conj/Erth      #######...   1%          6    ####...
l - Force Lance           Conj/Tloc      ######..     1%          4    None
t - Stone Arrow           Conj/Erth      ######       1%          3    None
v - Spellforged Servitor  Conj/Summ      #######...   7%          7    ######.

Your spell library contained the following spells:

 Spells                   Type           Power        Failure   Level  Hunger
 Fire Storm               Conj/Fire      ######....   100%        9    #######
 Shatter                  Erth           ######....   100%        9    #######
 Tornado                  Air            ###.......   100%        9    #######
 Magic Dart               Conj           ####         0%          1    None
 Flame Tongue             Conj/Fire      #####        1%          1    None
 Summon Small Mammal      Summ           ####         1%          1    None
 Call Imp                 Summ           ######..     1%          2    None
 Passwall                 Tmut/Erth      #####...     1%          2    None
 Throw Flame              Conj/Fire      ######       1%          2    None
 Call Canine Familiar     Summ           ######..     1%          3    None
 Conjure Flame            Conj/Fire      ######..     1%          3    None
 Dazzling Spray           Conj/Hex       ######       1%          3    None
 Mephitic Cloud           Conj/Pois/Air  ######..     1%          3    None
 Summon Guardian Golem    Hex/Summ       #####...     1%          3    None
 Sticky Flame             Conj/Fire      ######..     1%          4    None
 Throw Icicle             Conj/Ice       ######..     1%          4    None
 Bolt of Draining         Conj/Necr      ######....   1%          5    ##.....
 Lee's Rapid Deconstruct  Erth           ######....   1%          5    ##.....
 Ensorcelled Hibernation  Hex/Ice        ####..       2%          2    None
 Summon Ice Beast         Ice/Summ       #####...     2%          4    None
 Animate Skeleton         Necr           N/A          3%          1    None
 Apportation              Tloc           ###...       3%          1    None
 Confusing Touch          Hex            ###...       3%          1    None
 Corona                   Hex            ###....      3%          1    None
 Inner Flame              Hex/Fire       ###.....     3%          3    None
 Petrify                  Tmut/Erth      #####...     4%          4    None
 Summon Lightning Spire   Summ/Air       #####...     4%          4    None
 Blink                    Tloc           N/A          5%          2    None
 Shroud of Golubria       Chrm/Tloc      ###.......   5%          2    None
 Slow                     Hex            ###.....     5%          2    None
 Ozocubu's Armour         Chrm/Ice       ####....     5%          3    None
 Confuse                  Hex            ###.....     11%         3    None
 Gell's Gravitas          Tloc           ###.......   11%         3    None
 Lesser Beckoning         Tloc           ###.......   11%         3    None
 Teleport Other           Tloc           ###.....     11%         3    None
 Tukima's Dance           Hex            ###.....     11%         3    None
 Shadow Creatures         Summ           N/A          11%         6    ####...
 Ice Form                 Ice/Tmut       ####....     16%         4    None
 Yara's Violent Unravell  Hex/Tmut       ###.......   22%         5    ##.....
 Passage of Golubria      Tloc           N/A          36%         4    None
 Ozocubu's Refrigeration  Ice            ####......   36%         6    ####...
 Metabolic Englaciation   Hex/Ice        ####......   45%         5    ##.....


Dungeon Overview and Level Annotations

Branches:
Dungeon (15/15)            Temple (0/1) D:6            Lair (6/6) D:11
  Swamp (4/4) Lair:4        Snake (2/4) Lair:4        Slime (0/5) Lair:5
    Orc (2/2) D:12            Elf (0/3) Orc:2        Vaults (0/5) D:13
 Depths (2/5) D:15

Altars:
Ashenzari
Dithmenos
Elyvilon
Kikubaaqudgha
Makhleb
Nemelex Xobeh
Okawaru
Qazlal
Ru
Sif Muna
Trog
Uskayaw
Vehumet
Wu Jian
Xom
Zin
The Shining One
Beogh
Jiyva

Shops:
D:9 [   D:13 ?   Orc:1 ?   Orc:2 *?(}   Depths:1 [%*(   Depths:2 [

Portals:
Hell: Depths:1 Depths:2
Abyss: Depths:2
Ziggurat: Depths:1
Trove: D:12 (give +2 gold dragon scales)

Annotations:
Lair:1 3 runed doors, iVAG's ghost, journeyman DrCj
Lair:4 3 runed doors, Ihlosi's ghost, journeyman HuGl
Snake:2 Frances
Depths:1 2 runed doors
Depths:2 1 runed door, 1 transporter


Innate Abilities, Weirdness & Mutations

You are resistant to torment.
Your stone body is resilient. (AC +15)
You are immune to poison.
Your large and strong wings let you fly indefinitely.
You resist negative energy. (rN+)
You are resistant to electric shocks. (rElec)
You can survive without breathing.
You are immune to petrification.
You are immune to rotting.
You are dopey. (Int -2)


Message History

Your battlesphere fires!
The barrage of energy hits the frost giant.
The frost giant hits you with a battleaxe of freezing!
* * * LOW HITPOINT WARNING * * *
The frost giant freezes you.
* * * LOW HITPOINT WARNING * * *
Aim: a frost giant, wielding a battleaxe of freezing (severely wounded)
The blast of sand hits the frost giant.
r - 303 stones Your battlesphere fires!
The barrage of energy hits the frost giant.
The frost giant hits you with a battleaxe of freezing!!
* * * LOW HITPOINT WARNING * * *
Aim: a frost giant, wielding a battleaxe of freezing (severely wounded)
The blast of sand hits the frost giant.
r - 302 stones Your battlesphere fires!
The barrage of energy hits the frost giant.
The rakshasa misses you. The frost giant closely misses you.
Aim: a frost giant, wielding a battleaxe of freezing (severely wounded)
You feel a surge of power!
The iron shot hits the frost giant.
Your battlesphere fires!
The barrage of energy hits the frost giant.
The rakshasa hits you but does no damage.
Aim: a frost giant, wielding a battleaxe of freezing (almost dead)
You feel a surge of power!
The stone arrow hits the frost giant.
Your battlesphere fires!
The barrage of energy hits the frost giant.
You block the rakshasa's attack.
The frost giant hits you with a battleaxe of freezing!!
* * * LOW HITPOINT WARNING * * *
The frost giant freezes you.
* * * LOW HITPOINT WARNING * * *
Aim: a frost giant, wielding a battleaxe of freezing (almost dead)
You feel a surge of power!
The stone arrow hits the frost giant.
You kill the frost giant!
The frost giant's corpse shimmers and vanishes!
Your battlesphere fires!
The rakshasa hits you but does no damage.
Aim: a rakshasa, wielding a whip and wearing a robe You feel a surge of power!
The stone arrow hits the rakshasa.
Your battlesphere fires!
The barrage of energy hits the rakshasa.
Your battlesphere expends the last of its energy and dissipates.
The rakshasa hits you with a whip.
* * * LOW HITPOINT WARNING * * *
You don't have enough magic to cast that spell.
The rakshasa gestures at you. The orb of energy hits you!
You die...

#....≈≈≈≈≈≈............
#................###...
#........[(.#..........
#.......(...#.#.......#
#......(....#.#.#...#.#
#......(((..#.#.#.#.#.#
#....).((∩..#.#.#.#.#.#
#.....§((...#.#.#...#.#
#.....@R....#.#.......#
#...()(.....#..........
#..(.((..........###...
#...(.......###### #.#.
#.(.........# #.#.
#(..........# #.#.
#...........# #...
#...........# ####
#############


You could see a rakshasa.

Vanquished Creatures
  A tentacled monstrosity (Swamp:4)
  Rupert (Lair:5)
  5 thorn hunters
  Donald (Orc:2)
  A fire giant (Depths:2)
  5 frost giants
  Louise (Swamp:2)
  3 very ugly things
  4 stone giants
  2 vampire knights (Depths:2)
  Nessos (Lair:5)
  A minotaur (shapeshifter) (Depths:2)
  A dire elephant (D:15)
  Snorg (D:10)
  4 ettins
  A minotaur (Lab)
  A yaktaur captain (Depths:2)
  3 great orbs of eyes
  Harold (D:7)
  Erolcha (D:13)
  2 vault guards (D:13)
  A fire dragon (Depths:2)
  5 ice dragons
  A naga warrior (Snake:2)
  10 hydras
  A rakshasa (Depths:1)
  A hell beast (Depths:2)
  6 ghost crabs
  Erica (D:9)
  5 centaur warriors
  2 tengu warriors (Depths:1)
  7 death yaks
  7 two-headed ogres
  17 alligators
  A death knight (D:13)
  A merfolk avatar (Lair:6)
  3 deep troll shamans (Depths:1)
  5 orc high priests (Orc:2)
  4 deep troll earth magi
  Urug (D:10)
  A vampire mage (Depths:1)
  7 naga sharpshooters
  Sonja (Orc:2)
  A sixfirhy (Lair:4)
  2 iron trolls (Depths:1)
  10 skeletal warriors
  3 unseen horrors
  An unseen horror (shapeshifter) (D:14)
  A sea snake (Lair:6)
  A swamp dragon (shapeshifter) (Depths:1)
  4 swamp dragons
  3 wizards
  3 shambling mangroves
  9 deep trolls
  A flayed ghost (D:14)
  2 spectral hydras (Swamp:4)
  A harpy (Lair:6)
  2 spriggan druids (Swamp:3)
  A necromancer (D:13)
  4 orc knights
  19 ugly things
  2 mana vipers
  4 manticores
  A wolf spider (D:15)
  4 orc sorcerers
  2 cyclopes
  A wolf spider zombie (D:15)
  A salamander (D:15)
  An ice statue (IceCv)
  10 elephants
  A rust devil (Depths:2)
  Maurice (D:9)
  Psyche (D:8)
  12 black mambas
  A naga mage (Snake:2)
  A torpor snail (Lair:3)
  3 gargoyles
  A smoke demon (Swamp:1)
  2 swamp worm zombies (Swamp:4)
  20 spiny frogs
  10 komodo dragons
  14 yaktaurs
  6 rime drakes
  A guardian mummy (D:12)
  3 meliai (D:15)
  A freezing wraith (Depths:2)
  4 hydra zombies (Swamp:4)
  23 polar bears
  4 tengu conjurers
  6 trolls
  A wind drake (Lair:6)
  10 hornets
  22 slime creatures
  10 tyrant leeches
  12 dream sheep
  12 blink frogs
  3 alligator zombies (Swamp:4)
  9 bog bodies
  4 spectral swamp dragons
  12 hippogriffs
  A spriggan zombie (Depths:2)
  8 shadows
  2 vampires
  9 wyverns
  54 yaks
  3 spriggans (Swamp:3)
  5 wraiths
  3 basilisks
  A fire bat (D:14)
  19 humans (D:13)
  6 water elementals
  A hungry ghost (D:12)
  A steam dragon (D:8)
  23 vampire mosquitoes
  18 insubstantial wisps
  15 swamp worms
  5 nagas (Snake:1)
  A soldier ant (D:13)
  2 wargs
  An acid dragon (D:13)
  A floating eye (Depths:1)
  A hell hound (Depths:2)
  8 porcupines
  11 water moccasins
  A water moccasin (shapeshifter) (Depths:1)
  8 swamp drakes
  6 ice beasts
  10 phantoms
  32 orc warriors
  5 sky beasts
  3 swamp dragon zombies (Swamp:4)
  2 black bears
  2 necrophages
  2 eyes of draining (D:13)
  4 boggarts (Depths:2)
  25 wolves
  11 ogres
  9 centaurs
  6 crocodiles
  3 big kobolds
  14 bullfrogs
  4 scorpions (D:11)
  2 water moccasin skeletons
  2 wyvern skeletons
  9 killer bees
  18 wights
  3 howler monkeys
  2 bullfrog zombies
  10 crimson imps
  2 quasits (D:12)
  4 centaur zombies
  2 centaur skeletons
  A jelly (D:9)
  A bullfrog skeleton (D:5)
  12 hounds
  30 orc priests
  3 hell rats
  31 orc wizards
  4 iguanas
  13 worker ants
  2 hound skeletons
  A hound zombie (D:8)
  A gnoll (Orc:1)
  A swamp drake zombie (Swamp:4)
  15 adders
  A howler monkey skeleton (D:8)
  A river rat (D:11)
  2 shadow imps
  2 oozes
  3 adder zombies
  3 worms
  2 dart slugs (D:2)
  11 leopard geckos
  109 orcs
  2 ball pythons
  4 giant cockroaches
  14 goblins
  13 hobgoblins
  2 jackals (D:10)
  4 quokkas
  28 bats
  8 frilled lizards
  13 kobolds
  A leopard gecko skeleton (D:2)
  A quokka skeleton (D:6)
  8 rats
1180 creatures vanquished.

Vanquished Creatures (collateral kills)
  An orc knight (Bailey)
  2 swamp worm zombies (Swamp:4)
  A troll (Orc:2)
  A spectral swamp dragon (Swamp:3)
  An orc warrior (Orc:2)
  An orc wizard (Orc:2)
  An orc (Orc:2)
8 creatures vanquished.

Vanquished Creatures (others)
  A fire giant (Depths:2)
  A polar bear (IceCv)
  3 yaks (IceCv)
  A wolf (IceCv)
  An orc (D:8)
  3 briar patches (Swamp:1)
  A bush (Lair:6)
  20 fungi
  72 plants
103 creatures vanquished.

Grand Total: 1291 creatures vanquished

Notes
Turn   | Place    | Note
-------+----------+-------------------------------------------
     0 | D:1      | EvilAshe the Gargoyle Earth Elementalist began the quest
                  | for the Orb.
     0 | D:1      | Reached XP level 1. HP: 10/10 MP: 3/3
   143 | D:1      | Reached XP level 2. HP: 15/15 MP: 3/5
   526 | D:1      | Reached XP level 3. HP: 19/19 MP: 1/6
   575 | D:1      | Learned a level 3 spell: Stone Arrow
  1158 | D:2      | Reached skill level 5 in Earth Magic
  1533 | D:2      | Reached XP level 4. HP: 24/24 MP: 0/7
  2469 | D:3      | Found a shadowy altar of Dithmenos.
  2792 | D:3      | Reached XP level 5. HP: 24/28 MP: 5/9
  2881 | D:4      | Reached skill level 1 in Fighting
  2989 | D:4      | Found an ornate altar of the Wu Jian Council.
  3091 | D:4      | Found a shadowy altar of Dithmenos.
  3094 | D:4      | Found an iron altar of Okawaru.
  3095 | D:4      | Noticed an ogre
  3096 | D:4      | Found a hide-covered altar of Uskayaw.
  3285 | D:3      | Reached skill level 3 in Spellcasting
  3287 | D:3      | Reached XP level 6. HP: 33/34 MP: 3/10
  3464 | D:4      | Found a stormy altar of Qazlal.
  3937 | D:5      | Entered Level 5 of the Dungeon
  3986 | D:5      | Found a radiant altar of Vehumet.
  4025 | D:5      | Became a worshipper of Vehumet
  4095 | D:5      | Reached XP level 7. HP: 34/40 MP: 4/12
  4678 | D:5      | Reached skill level 4 in Spellcasting
  4789 | D:5      | Reached XP level 8. HP: 44/44 MP: 6/14
  4930 | D:5      | Got a fine short sword
  5065 | D:5      | Reached * piety under Vehumet
  5065 | D:5      | Offered knowledge of Shock by Vehumet.
  5065 | D:5      | Reached skill level 1 in Conjurations
  5356 | D:6      | Found a staircase to the Ecumenical Temple.
  5366 | D:6      | Identified the +9 short sword "Tomyl" {pain, rPois} (You
                  | found it on level 5 of the Dungeon)
  5389 | D:6      | Found a glowing golden altar of the Shining One.
  5577 | D:6      | Reached skill level 5 in Spellcasting
  5841 | D:6      | Found a burning altar of Makhleb.
  6016 | D:6      | Reached XP level 9. HP: 50/51 MP: 9/16
  6157 | D:6      | Found a sparkling altar of Nemelex Xobeh.
  6472 | D:7      | Noticed Harold
  6485 | D:7      | Killed Harold
  6485 | D:7      | Reached skill level 5 in Dodging
  6485 | D:7      | Reached skill level 6 in Spellcasting
  6836 | D:7      | Found a white marble altar of Elyvilon.
  7091 | D:6      | Reached skill level 5 in Fighting
  7091 | D:6      | Reached skill level 5 in Conjurations
  7301 | D:7      | Reached ** piety under Vehumet
  7402 | D:8      | Offered knowledge of Sting by Vehumet.
  7527 | D:8      | Reached XP level 10. HP: 57/59 MP: 9/19
  7765 | D:8      | Noticed Psyche
  7777 | D:8      | Killed Psyche
  8003 | D:8      | Reached skill level 7 in Spellcasting
  8123 | D:8      | Got a brightly glowing jade amulet
  8448 | D:8      | Noticed a two-headed ogre
  8627 | D:8      | Killed a two-headed ogre
  8731 | D:8      | Found a glowing silver altar of Zin.
  8756 | D:8      | Offered knowledge of Throw Flame by Vehumet.
  9080 | D:8      | Identified the amulet of Recklessness {Fragile +Rage MR++
                  | Str+3} (You took it off an orc wizard on level 8 of the
                  | Dungeon)
  9319 | D:9      | Reached *** piety under Vehumet
  9319 | D:9      | Reached XP level 11. HP: 67/67 MP: 22/22
  9412 | D:9      | Found an ornate altar of the Wu Jian Council.
  9490 | D:9      | Found a sacrificial altar of Ru.
  9490 | D:9      | Found a deep blue altar of Sif Muna.
  9490 | D:9      | Found an ancient bone altar of Kikubaaqudgha.
  9516 | D:9      | Noticed Erica
  9528 | D:9      | Noticed Maurice
  9555 | D:10     | Entered Level 10 of the Dungeon
 10228 | D:9      | Killed Maurice
 10228 | D:9      | Reached skill level 8 in Spellcasting
 10295 | D:9      | Offered knowledge of Force Lance by Vehumet.
 10374 | D:9      | Learned a level 4 spell: Force Lance
 10398 | D:9      | Found Couxt's Armour Shoppe.
 10444 | D:9      | Killed Erica
 10800 | D:10     | Noticed a two-headed ogre
 10807 | D:10     | Noticed a two-headed ogre
 10808 | D:10     | Killed a two-headed ogre
 10812 | D:10     | Killed a two-headed ogre
 10953 | D:10     | Noticed an unseen horror
 10963 | D:10     | Killed an unseen horror
 11245 | D:10     | Noticed Urug
 11251 | D:10     | Killed Urug
 11332 | D:10     | You fall through a shaft for 2 floors!
 11419 | D:12     | Found a portal to a secret trove of treasure.
 11692 | D:12     | Reached **** piety under Vehumet
 11738 | D:12     | Noticed a skeletal warrior
 11750 | D:12     | Reached XP level 12. HP: 45/76 MP: 24/24
 12087 | D:13     | Reached skill level 9 in Spellcasting
 12823 | D:12     | Offered knowledge of Iskenderun's Battlesphere by Vehumet.
 12955 | D:13     | Noticed a centaur warrior
 12961 | D:13     | Killed a centaur warrior
 13060 | D:13     | Learned a level 5 spell: Iskenderun's Battlesphere
 13091 | D:13     | Found Koschap's Magic Scroll Shop.
 13121 | D:13     | Noticed Erolcha
 13141 | D:13     | Killed Erolcha
 13687 | D:11     | Noticed a two-headed ogre
 14237 | D:13     | Noticed a death knight
 14471 | D:12     | Reached skill level 10 in Fighting
 14471 | D:12     | Reached skill level 10 in Conjurations
 14717 | D:11     | Noticed a death yak
 14719 | D:11     | Noticed a death yak
 14722 | D:12     | Reached ***** piety under Vehumet
 14722 | D:12     | Offered knowledge of Venom Bolt by Vehumet.
 14748 | D:11     | Noticed a death yak
 15482 | D:11     | Killed a two-headed ogre
 15633 | D:11     | Found a glowing silver altar of Zin.
 15688 | D:11     | Reached skill level 10 in Spellcasting
 15698 | D:11     | Reached skill level 1 in Shields
 15972 | D:10     | Noticed Snorg
 16007 | D:10     | Killed Snorg
 16240 | D:11     | Reached XP level 13. HP: 82/82 MP: 25/27
 16868 | D:11     | Found a staircase to the Lair.
 17937 | D:12     | Found a staircase to the Orcish Mines.
 18172 | D:13     | Offered knowledge of Fireball by Vehumet.
 18407 | D:12     | Reached skill level 10 in Dodging
 18407 | D:12     | Reached skill level 11 in Spellcasting
 18682 | D:13     | Learned a level 5 spell: Fireball
 19114 | D:13     | Noticed a vault guard
 19214 | D:13     | Killed a vault guard
 19513 | D:13     | Found a gate to the Vaults.
 19789 | Lair:1   | Entered Level 1 of the Lair of Beasts
 19802 | Lair:1   | Gained mutation: Your large and strong wings let you fly
                  | indefinitely. [Gargoyle growth]
 19802 | Lair:1   | Reached XP level 14. HP: 88/88 MP: 29/29
 19825 | Lair:1   | Found a runed gate.
 19827 | Lair:1   | Noticed iVAG's ghost (journeyman DrCj)
 19828 | Lair:1   | Found a runed gate.
 19828 | Lair:1   | Found a runed gate.
 20288 | Lair:1   | Reached skill level 12 in Spellcasting
 20934 | Lair:2   | Found a labyrinth entrance.
 20946 | Lab      | Entered a labyrinth
 23148 | Lair:3   | Found a burning altar of Makhleb.
 23612 | Lair:4   | Offered knowledge of Spellforged Servitor by Vehumet.
 23630 | Lair:3   | Learned a level 7 spell: Spellforged Servitor
 23819 | Lair:4   | Reached skill level 13 in Spellcasting
 23913 | Lair:4   | Found a runed gate.
 23924 | Lair:4   | Reached skill level 1 in Summonings
 23927 | Lair:4   | Found a staircase to the Snake Pit.
 24094 | Lair:4   | Found a runed gate.
 24094 | Lair:4   | Found a runed gate.
 24102 | Lair:4   | Noticed Ihlosi's ghost (journeyman HuGl)
 24161 | Lair:4   | Found a staircase to the Swamp.
 24738 | Lair:4   | Found a viscous altar of Jiyva.
 24782 | Lair:5   | Noticed Rupert
 24792 | Lair:5   | Killed Rupert
 24975 | Lair:5   | Found a staircase to the Slime Pits.
 25300 | Lair:5   | Reached XP level 15. HP: 92/92 MP: 32/32
 25379 | Lair:5   | Noticed Nessos
 25388 | Lair:5   | Killed Nessos
 25854 | Lair:6   | Entered Level 6 of the Lair of Beasts
 26093 | Lair:6   | Reached skill level 5 in Stealth
 27056 | Lair:6   | Offered knowledge of Freezing Cloud by Vehumet.
 28015 | Orc:1    | Entered Level 1 of the Orcish Mines
 28407 | Orc:1    | Found a flagged portal.
 28421 | Bailey   | Entered a bailey
 29284 | Orc:1    | Found a roughly hewn altar of Beogh.
 29433 | Orc:1    | Found Ticouxto's Magic Scroll Boutique.
 29618 | Orc:2    | Entered Level 2 of the Orcish Mines
 29668 | Orc:2    | Offered knowledge of Bolt of Cold by Vehumet.
 29668 | Orc:2    | Reached skill level 5 in Summonings
 29699 | Orc:2    | Found a staircase to the Elven Halls.
 29707 | Orc:2    | Learned a level 6 spell: Bolt of Cold
 29779 | Orc:2    | Noticed Sonja
 29783 | Orc:2    | Killed Sonja
 29889 | Orc:2    | Found a frozen archway.
 29918 | Orc:2    | Reached skill level 1 in Ice Magic
 29993 | IceCv    | Entered an ice cave
 31339 | IceCv    | Noticed a frost giant
 31608 | IceCv    | Reached XP level 16. HP: 81/97 MP: 33/33
 31809 | IceCv    | Identified Xuujo's Catalogue of Creative Unholy Secrets
 31813 | IceCv    | Identified the Tome of the Frostbite
 32088 | Orc:2    | Reached skill level 14 in Spellcasting
 32093 | Orc:2    | Noticed Donald
 33090 | D:14     | Found a shimmering altar of Xom.
 33503 | D:14     | Found a shattered altar of Ashenzari.
 33505 | D:14     | Reached ****** piety under Vehumet
 33508 | D:14     | Found a runed door.
 33521 | D:14     | Found a sacrificial altar of Ru.
 33526 | D:14     | Found a bloodstained altar of Trog.
 33552 | D:14     | Found a shimmering altar of Xom.
 33564 | D:14     | Found a hide-covered altar of Uskayaw.
 33808 | D:14     | Offered knowledge of Iron Shot by Vehumet.
 33817 | D:14     | Learned a level 6 spell: Iron Shot
 34052 | Swamp:1  | Entered Level 1 of the Swamp
 34183 | Swamp:1  | Noticed a thorn hunter
 34264 | Swamp:1  | Killed a thorn hunter
 34366 | Swamp:1  | Noticed a thorn hunter
 34482 | Swamp:1  | Killed a thorn hunter
 35454 | Swamp:1  | Noticed a thorn hunter
 35463 | Swamp:1  | Killed a thorn hunter
 36122 | Swamp:2  | Noticed Louise
 36131 | Swamp:2  | Killed Louise
 37239 | Swamp:3  | Reached skill level 10 in Stealth
 37663 | Swamp:3  | Noticed a thorn hunter
 37670 | Swamp:3  | Killed a thorn hunter
 37670 | Swamp:3  | Reached skill level 1 in Armour
 37836 | Swamp:3  | Offered knowledge of Orb of Destruction by Vehumet.
 37845 | Swamp:3  | Learned a level 7 spell: Orb of Destruction
 38167 | Swamp:3  | Reached XP level 17. HP: 102/102 MP: 23/35
 38533 | Swamp:4  | Entered Level 4 of the Swamp
 39159 | Swamp:4  | Noticed a tentacled monstrosity
 40258 | Swamp:4  | Killed a tentacled monstrosity
 40293 | Swamp:4  | Reached skill level 15 in Spellcasting
 41160 | Swamp:4  | Noticed a bone dragon
 41280 | Snake:1  | Entered Level 1 of the Snake Pit
 41294 | Snake:1  | Reached skill level 5 in Armour
 42998 | Snake:2  | Noticed Frances
 43477 | Snake:2  | Gained mutation: You are dopey. (Int -2) [a neqoxec]
 43856 | Swamp:4  | Offered knowledge of Fire Storm by Vehumet.
 43856 | Swamp:4  | Offered knowledge of Shatter by Vehumet.
 43856 | Swamp:4  | Offered knowledge of Tornado by Vehumet.
 43899 | Swamp:4  | Got a decaying rune of Zot
 44376 | Orc:2    | Killed Donald
 45038 | Orc:2    | Found Sim Wolueng's General Store.
 45038 | Orc:2    | Found Ydigutt's Gadget Emporium.
 45038 | Orc:2    | Found Mesy's Weapon Emporium.
 45051 | Orc:2    | Found Difis's Magic Scroll Shoppe.
 45058 | Orc:2    | Bought a +0 cloak of magic resistance for 126 gold pieces
 45058 | Orc:2    | Bought a scroll of teleportation for 33 gold pieces
 45535 | D:15     | Entered Level 15 of the Dungeon
 45970 | D:15     | Reached XP level 18. HP: 107/107 MP: 5/37
 47689 | D:15     | Found a staircase to the Depths.
 47703 | Depths:1 | Entered Level 1 of the Depths
 47792 | Depths:1 | Found a large runed door.
 47792 | Depths:1 | Found a large runed door.
 47808 | Depths:1 | Found the +27 Lear's hauberk
 47822 | Depths:1 | Found a gateway to a ziggurat.
 48195 | Depths:1 | Found Woclup's Antique Weapon Emporium.
 48206 | Depths:1 | Found Guavy's General Store.
 48211 | Depths:1 | Bought 2 potions of brilliance for 144 gold pieces
 48211 | Depths:1 | Bought a potion of magic for 144 gold pieces
 48212 | Depths:1 | Reached skill level 16 in Spellcasting
 48212 | Depths:1 | Reached XP level 19. HP: 112/112 MP: 39/39
 48233 | Depths:1 | Found Romuysipt's Food Emporium.
 49364 | Depths:1 | Found a gateway to Hell.
 50318 | Depths:1 | Found Pekigr Mozor's Armour Shop.
 50531 | Depths:2 | Found Jyet's Antique Armour Emporium.
 50832 | Depths:2 | Reached skill level 15 in Dodging
 51541 | Depths:2 | Found a one-way gate to the infinite horrors of the Abyss.
 51562 | Depths:2 | Paralysed by a floating eye for 3 turns
 52549 | Depths:2 | Found a shattered altar of Ashenzari.
 52862 | Depths:2 | Reached XP level 20. HP: 115/120 MP: 25/40
 53662 | Depths:2 | Found a runed gate.
 54089 | Depths:2 | Found a transporter.
 54321 | Depths:2 | Killed from afar by a rakshasa

Skill      XL: |  1  2  3  4  5  6  7  8  9 10 11 12 13 14 15 16 17 18 19 |
---------------+----------------------------------------------------------+-----
Earth Magic    | 4 5 6 7 8 9 |  9.0
Fighting       | 1 2 3 5 7 9 10 11 | 11.3
Dodging        | 2 3 4 5 6 7 9 10 12 13 14 15 | 15.2
Spellcasting   | 3 4 5 6 7 8 10 11 13 14 15 16 | 16.5
Conjurations   | 3 5 7 9 10 11 12 13 14 | 14.0
Shields        | 2 4 |  4.1
Summonings     | 2 5 7 8 9 |  9.5
Stealth        | 4 7 10 | 10.0
Ice Magic      | 2 3 |  3.2
Armour         | 2 5 |  5.0
Short Blades   | |  0.4
Transmutations | |  0.7

Action                   |  1- 3 |  4- 6 |  7- 9 | 10-12 | 13-15 | 16-18 | 19-21 || total
-------------------------+-------+-------+-------+-------+-------+-------+-------++-------
Melee: Short sword       |    49 |   173 |   112 |    22 |       |       |       ||   356
       Long sword        |       |       |       |   226 |    82 |       |       ||   308
       Scimitar          |       |       |       |       |    21 |    21 |       ||    42
       Staff             |       |       |       |       |       |     1 |       ||     1
Throw: Stone             |       |       |       |       |     2 |       |       ||     2
 Cast: Sandblast         |    29 |    14 |    48 |   128 |   312 |   101 |    90 ||   722
       Stone Arrow       |     9 |    23 |    79 |   250 |   562 |   768 |   272 ||  1963
       Force Lance       |       |       |       |     1 |     9 |       |       ||    10
       Iskenderun's Batt |       |       |       |     4 |   113 |    92 |    41 ||   250
       Fireball          |       |       |       |       |    14 |    33 |    14 ||    61
       Spellforged Servi |       |       |       |       |     1 |     2 |       ||     3
       Iron Shot         |       |       |       |       |       |    20 |    23 ||    43
       Bolt of Cold      |       |       |       |       |       |    25 |     5 ||    30
       Orb of Destructio |       |       |       |       |       |     5 |       ||     5
 Abil: Fly               |       |       |       |       |     1 |       |       ||     1
Evoke: Wand              |       |     3 |       |    11 |    13 |     2 |     3 ||    32
       Lamp of fire      |       |       |       |       |       |     1 |       ||     1
       Phantom mirror    |       |       |       |       |       |     1 |       ||     1
  Use: Scroll            |       |     7 |     5 |     8 |    18 |     5 |     1 ||    44
       Potion            |       |       |     1 |       |     2 |     2 |       ||     5
 Stab: Sleeping          |     3 |     6 |       |     5 |       |       |       ||    14
  Eat: Chunk             |     4 |    10 |    15 |    26 |    49 |    27 |    13 ||   144
       Ration            |       |       |       |     1 |     5 |    13 |     3 ||    22
Armor: Robe              |    19 |    23 |       |       |       |       |       ||    42
       Leather armour    |       |    44 |    68 |   204 |   163 |   202 |    95 ||   776
Dodge: Dodged            |    32 |    99 |   103 |   337 |   332 |   461 |   266 ||  1630
Block: Buckler           |       |       |       |     4 |    86 |   118 |    48 ||   256
       Rpst.: Long sword |       |       |       |    94 |    38 |       |       ||   132
       Scimitar          |       |       |       |       |     2 |     6 |       ||     8
